AoeStats
← 星之清风

Arena

509315221Analyzed
4v4 RM · 5d ago on Sep 26, 2026· 59m 20s· 8 players
Game mode
Random Map
Map size
Large (8 player)
Population
200
Speed
Normal
Resources
Standard
Victory
Conquest
Starting age
Dark Age
Ending age
Imperial Age
RankedLock teamsTeams togetherTeam positionsShared explorationLock speedFull tech treeHidden civsTurbo modeCheats
Victory
Defeat
🇫🇷 Persians · France
980
+15
🇨🇳 Wei · China
970
+16
🇲🇹 Japanese · Malta
970
+15
969
+15
1087
-20
🇨🇳 Spanish · China
1064
-19
🇩🇪 Franks · Germany
844
-11
🇹🇷 Mongols · Türkiye
837
-11
liviescu
0:52 Loom
11:10 Feudal Age
11:43 Double-Bit Axe
14:31 Arson
17:44 Horse Collar
21:21 Castle Age
20:57 Town Watch
21:24 Forging
21:05 Fletching
25:12 Bow Saw
26:22 Stone Mining
26:05 Elite Skirmisher
27:19 Fletching
27:49 Padded Archer Armor
31:29 Ballistics
31:26 Town Patrol
32:07 Squires
32:46 Bodkin Arrow
33:07 Leather Archer Armor
37:15 Imperial Age
36:02 Wheelbarrow
35:37 Heavy Plow
35:17 Pikeman
37:18 Hand Cart
37:22 Scale Mail Armor
37:38 Fortified Wall
37:27 Gold Mining
37:24 Halberdier
38:53 Bracer
38:54 Elite Samurai
40:54 Chain Mail Armor
41:10 Ring Archer Armor
41:16 Conscription
41:33 Hoardings
42:14 Plate Mail Armor
41:23 Capped Ram
43:12 Caravan
43:52 Iron Casting
44:26 Chemistry
46:56 Blast Furnace
46:56 Treadmill Crane
47:27 Masonry
49:31 Gold Shaft Mining
52:20 Siege Engineers
55:50 Murder Holes
58:39 Scale Barding Armor
59:01 Kataparuto
58:42 Yasama
59:19 Coinage
FR HectorDevis
5:08 Loom
9:56 Feudal Age
10:18 Double-Bit Axe
10:15 Horse Collar
19:18 Castle Age
18:20 Gold Mining
18:57 Stone Mining
19:35 Bloodlines
26:44 Stone Shaft Mining
26:22 Fletching
29:05 Kamandaran
30:49 Bodkin Arrow
30:53 Crossbowman
34:40 Murder Holes
35:14 Ballistics
36:27 Forging
42:05 Imperial Age
39:58 Heavy Plow
40:12 Bow Saw
41:03 Husbandry
Sakullius-of-Coursistan
3:07 Loom
11:06 Feudal Age
12:03 Double-Bit Axe
16:21 Castle Age
15:53 Horse Collar
16:07 Gold Mining
22:49 Imperial Age
20:46 Bow Saw
24:43 Heavy Camel Rider
25:54 Fletching
26:16 Scale Barding Armor
26:43 Forging
30:30 Bloodlines
30:21 Husbandry
34:38 Iron Casting
35:06 Conscription
36:00 Wheelbarrow
35:48 Town Watch
36:28 Chain Barding Armor
37:39 Imperial Camel Rider
43:06 Plate Barding Armor
44:55 Blast Furnace
46:30 Gold Shaft Mining
46:45 Light Cavalry
54:04 Two-Man Saw
55:30 Hoardings
58:49 Spies/Treason
星之清风
11:29 Feudal Age
12:22 Loom
16:33 Castle Age
14:23 Horse Collar
14:46 Double-Bit Axe
15:32 Stone Mining
16:39 Gold Mining
17:51 Bow Saw
17:47 Heavy Plow
18:07 Town Watch
20:02 Wheelbarrow
24:21 Stone Shaft Mining
24:26 Gold Shaft Mining
26:08 Treadmill Crane
30:15 Imperial Age
28:02 Hand Cart
28:31 Stone Shaft Mining
28:32 Ballistics
28:22 Masonry
28:11 Fletching
28:21 Padded Archer Armor
28:27 Scale Barding Armor
29:14 Caravan
30:11 Town Patrol
31:13 Bloodlines
31:03 Husbandry
31:12 Thumb Ring
31:04 Bodkin Arrow
31:25 Leather Archer Armor
31:30 Chain Barding Armor
32:02 Parthian Tactics
31:59 Elite Skirmisher
33:45 Chemistry
32:47 Bracer
33:00 Forging
33:43 Conscription
33:59 Hoardings
34:22 Ring Archer Armor
33:14 Light Cavalry
36:28 Tuntian
36:24 Hussar
36:58 Capped Ram
38:30 Siege Ram
41:10 Ming Guang Armor
42:38 Heavy Hei Guang Cavalry
42:38 Heavy Hei Guang Cavalry
45:17 Elite Tiger Cavalry
52:49 Crop Rotation
Rendben2744
0:28 Loom
9:46 Feudal Age
11:04 Wheelbarrow
10:25 Double-Bit Axe
11:08 Town Watch
19:39 Castle Age
18:09 Stone Mining
18:40 Gold Mining
21:04 Hand Cart
25:55 Arson
28:12 Scale Mail Armor
28:15 Padded Archer Armor
30:10 Gold Shaft Mining
29:57 Squires
32:06 Ordonnance Companies
38:08 Bow Saw
42:19 Imperial Age
41:12 Chain Mail Armor
43:26 Conscription
44:19 Hoardings
44:28 Elite Throwing Axeman
45:40 Forging
47:58 Iron Casting
47:56 Plate Mail Armor
ryioze
9:31 Feudal Age
9:57 Double-Bit Axe
9:54 Horse Collar
12:43 Wheelbarrow
18:12 Castle Age
16:21 Stone Mining
23:33 Bow Saw
24:45 Heavy Plow
26:07 Gold Mining
28:18 Gold Shaft Mining
28:45 Fletching
28:55 Padded Archer Armor
29:33 Bloodlines
29:24 Husbandry
29:53 Loom
34:26 Imperial Age
33:41 Ballistics
34:20 Thumb Ring
34:27 Elite Mangudai
35:07 Bodkin Arrow
35:27 Leather Archer Armor
36:14 Chemistry
36:08 Parthian Tactics
36:10 Bracer
36:34 Husbandry
37:38 Masonry
40:38 Nomads
50:59 Siege Engineers
50:50 Murder Holes
53:35 Heavy Scorpion
鸿翔光大
10:23 Feudal Age
11:36 Loom
14:53 Castle Age
14:18 Double-Bit Axe
20:19 Horse Collar
31:39 Imperial Age
35:35 Ballistics
34:39 Elite Conquistador
37:24 Chemistry
37:02 Wheelbarrow
36:13 Town Watch
39:03 Pikeman
39:45 Squires
45:55 Thumb Ring
56:56 Capped Ram
57:01 Onager
Stardenburdenhardenbart
0:26 Loom
12:46 Feudal Age
13:19 Horse Collar
13:26 Double-Bit Axe
13:36 Gold Mining
13:54 Stone Mining
19:56 Forging
24:12 Castle Age
23:59 Fletching
24:10 Padded Archer Armor
26:02 Iron Casting
25:27 Scale Mail Armor
25:23 Bodkin Arrow
25:44 Leather Archer Armor
25:56 Bow Saw
25:49 Heavy Plow
25:17 Pikeman
25:57 Squires
27:29 Stone Shaft Mining
27:29 Gold Shaft Mining
29:02 Wheelbarrow
30:17 Chain Mail Armor
30:25 Fortified Wall
34:03 Elite Skirmisher
34:49 Thumb Ring
39:22 Hand Cart
41:50 Imperial Age
51:42 Halberdier
53:45 Conscription
Connection lost

Rejoining the realm…

Still unreachable

The connection could not be restored.

Session expired

The server has moved on; the page needs a fresh start.